[Event "*** Titled Tuesday Blitz"]
[Site "Chess.com"]
[Date "2020.04.21"]
[Round "2"]
[White "davigator"]
[Black "chidori_boruto"]
[Result "1/2-1/2"]
[WhiteElo "2385"]
[BlackElo "2643"]
[TimeControl "180+1"]
[EndTime "10:18:31 PDT"]
[Termination "Game drawn - insufficient material"]

1. e4 c6 2. d4 d6 3. Nc3 Nf6 4. f3 e5 5. dxe5 dxe5 6. Be3 Bb4 7.
Ne2 O-O 8. a3 Ba5 9. Bc5 Re8 10.
Qd6 Nbd7 11. Be3 Nf8 12. O-O-O Qxd6 13. Rxd6 Be6 14. g3 Bc7 15. Rd1 Red8 16. Bg2 Bb6 17.
Bxb6 axb6 18. Rxd8 Rxd8 19. Rd1 Rxd1+ 20. Kxd1 N8d7 21.
Kd2 b5 22. Nd1 Nb6 23. b3 Nfd7 24. f4 f6 25. Ne3 Kf8 26. Bf3 Ke7 27. Bg4 Nc5 28.
Nc3 Bxg4 29. Nxg4 Nbd7 30. Ne3 g6 31. h4 h5 32. f5 g5 33. g4 gxh4 34. gxh5 Nf8 35.
Ng4 Nh7 36. Ke3 Ng5 37. h6 Kf7 38. b4 Nd7 39. Ne2 Nb6 40. Ng1 Nc4+ 41. Kd3 Nxa3 42. Ne3 h3 43. Ng4 Nc4 44. c3 Nd6 45. Ke3 Ndxe4 46. Nxh3 Nxh3 47. Kxe4 Ng5+ 48. Kd3 b6 49. Ke3 c5 50. Kd3 Nh3 51. Ke3 Nf4 52. h7 Kg7 53. Nxf6 Nh3 54. Nd7 Kxh7 55. Nxe5 Kg7 56. Nd7 Ng5 57. Kf4 Nf7 58. Nxb6 cxb4 59. cxb4 Nd6 60.
Nd5 Nc4 61. Kg5 Kf7 62. Nc7 Nd6 63. f6 Ne4+ 64. Kf5 Nxf6 65. Nxb5 Nd5 66. Ke5 Nxb4 1/2-1/2

[Event "*** Titled Tuesday Blitz"]
[Site "Chess.com"]
[Date "2020.04.21"]
[Round "2"]
[White "hypert"]
[Black "arjwezhrtdrz"]
[Result "1/2-1/2"]
[WhiteElo "2502"]
[BlackElo "2160"]
[TimeControl "180+1"]
[EndTime "10:18:31 PDT"]
[Termination "Game drawn - insufficient material"]

1. Nf3 d6 2. g3 c6 3. Bg2 Nf6 4. O-O Nbd7 5. d4 e5 6. c4 Be7 7.
Nc3 O-O 8. Rb1 a5 9. a3 exd4 10. Nxd4 Nc5 11. b4 axb4 12. axb4 Ne6 13. Nf5 Qc7 14. b5 Re8 15. Nxe7+ Rxe7 16. Be3 Ng4 17. Bc1 h6 18. h3 Nf6 19. Be3 Nc5 20. b6 Qb8 21.
Bxc5 dxc5 22. Na4 Bf5 23. Ra1 Qe8 24. Nxc5 Rxa1 25. Qxa1 Qd8 26. Qa7 Qc8 27. Ra1 Bxh3 28. Qa8 Re8 29. Qxc8 Bxc8 30. Ra7 Rxe2 31. Ra8 Re1+ 32.
Kh2 Re8 33. Bh3 Bxh3 34. Rxe8+ Nxe8 35. Kxh3 Nd6 36. Kg4 Nxc4 37. Nd7 f6 38. Kf5 Kf7 39. Nc5 Nxb6 40. Nxb7 g6+ 41. Ke4 Ke6 42. Kd4 Nd7 43.
Nd8+ Kf5 44. Nxc6 Kg4 45. Ke3 Kf5 46. Ne7+ Kg4 47. Nxg6 Ne5 48. Nxe5+ fxe5 49. Ke4 h5 50. Kxe5 Kf3 51. Kf5 Kxf2 52. Kf4 Kg2 53. Kg5 Kxg3 54. Kxh5 1/2-1/2

[Event "*** Titled Tuesday Blitz"]
[Site "Chess.com"]
[Date "2020.04.21"]
[Round "2"]
[White "abubakrtagelsir"]
[Black "Maitreia"]
[Result "0-1"]
[WhiteElo "2333"]
[BlackElo "2699"]
[TimeControl "180+1"]
[EndTime "10:18:32 PDT"]
[Termination "Maitreia won on time"]

1. e4 c5 2. Nc3 g6 3. f4 Bg7 4.
Nf3 Nc6 5. Bb5 Nd4 6. O-O Nxb5 7. Nxb5 d6 8. d3 Nf6 9. Qe1 Bg4 10. Nc3 O-O 11. Qh4 Bxf3 12. Rxf3 e6 13. Rh3 h5 14.
Ne2 Ng4 15. Qg3 d5 16. e5 f6 17. exf6 Qxf6 18. c3 d4 19. c4 Rae8 20. Bd2 e5 21. Rf1 e4 22. f5 e3 23. Be1 Qg5 24. Qc7 Rxf5 25. Rxf5 Qxf5 26. Qxb7 Qxd3 27. Qd5+ Kh7 28. Nf4 Qe4 29. Qg5 Bh6 30. Qh4 Qxf4 31. Rf3 Qg5 32. Qg3 Re7 33. Qd6 Rg7 34. Qb8 Qe5 35. Qd8 Qxh2+ 36.
Kf1 Qh1+ 37. Ke2 Qxg2+ 38. Bf2 Nxf2 39. Rf8 Ng4+ 40. Kd3 Qd2+ 41. Ke4 Qg2+ 42. Kd3 Nf2+ 43. Kc2 Ne4+ 44. Kb3 Rb7+ 45. Ka4 Bg7 0-1

[Event "*** Titled Tuesday Blitz"]
[Site "Chess.com"]
[Date "2020.04.21"]
[Round "2"]
[White "colegiodemadrid"]
[Black "qqwow"]
[Result "1-0"]
[WhiteElo "2316"]
[BlackElo "2521"]
[TimeControl "180+1"]
[EndTime "10:18:32 PDT"]
[Termination "colegiodemadrid won by resignation"]

1. e4 c5 2. Nf3 Nc6 3. d4 cxd4 4. Nxd4 Nf6 5. Nc3 e5 6. Ndb5 d6 7. Bg5 a6 8. Na3 b5 9. Nd5 Be7 10. Bxf6 Bxf6 11. c3 O-O 12. Nc2 Bg5 13. a4 bxa4 14. Rxa4 a5 15. Bc4 Rb8 16. b3 g6 17. h4 Bxh4 18. g3 Bg5 19. f4 exf4 20. gxf4 Bh4+ 21. Kd2 Kh8 22. Nce3 Ne7 23. Ra2 Nxd5 24. Nxd5 f5 25. Kc1 Rb7 26. Rah2 g5 27. Qd4+ Rg7 28. fxg5 Bxg5+ 29. Kb2 Bf6 30. Qg1 Rff7 31. Nxf6 Qxf6 32. Bxf7 Qxf7 33. Qd4 Kg8 34. exf5 Bxf5 35. Rf2 Qg6 36.
Rhf1 Rf7 37. Rd2 h5 38. Qxd6 Qxd6 39. Rxd6 h4 40. Rd5 Be6 41. Rg5+ Kf8 42. Rxf7+ Kxf7 43. Rxa5 h3 44. Rh5 Kg6 45. Rh8 Kg5 46. c4 Kf4 47. c5 Ke5 48. b4 Kd5 49. Kc3 Kc6 50.
Rh6 Kd7 51. c6+ Kd6 52. b5 h2 53. Rxh2 Kc5 54. Rh5+ Kb6 55. Kb4 Bg4 56. Rh7 Bc8 57.
Rh8 Be6 58. Rb8+ Ka7 59. Rb7+ Ka8 60. Kc5 Bc8 61. Rh7 Bf5 62. Rg7 Bc8 63. b6 Kb8 64. Rg8 1-0

[Event "*** Titled Tuesday Blitz"]
[Site "Chess.com"]
[Date "2020.04.21"]
[Round "2"]
[White "stasiek18"]
[Black "Ekka83"]
[Result "0-1"]
[WhiteElo "2417"]
[BlackElo "2298"]
[TimeControl "180+1"]
[EndTime "10:18:32 PDT"]
[Termination "Ekka83 won on time"]

1. e4 d5 2. exd5 Qxd5 3. Nc3 Qd6 4. d4 c6 5. g3 Nf6 6. Bf4 Qd8 7. Bg2 Bg4 8. Qd2 e6 9. Nf3 Be7 10. O-O Nbd7 11.
Rfe1 O-O 12. Ne5 Bf5 13. Qe2 Nd5 14. Nxd5 cxd5 15. c3 Rc8 16. h4 h6 17. Qb5 Nb6 18. Bf3 Bh7 19. Kg2 a6 20. Qe2 Nc4 21. Nxc4 Rxc4 22.
a4 Qb6 23. Qd2 Qb3 24. Bd1 Qb6 25. a5 Qd8 26. Rh1 Bd6 27. Bxd6 Qxd6 28. Be2 Rc7 29.
Ra4 Rfc8 30. Rb4 e5 31. dxe5 Qxe5 32. Bf3 Rc5 33. Ra1 R8c7 34. Qd4 Qxd4 35. Rxd4 Rd7 36. Raa4 Bc2 37. Rab4 Rxa5 38. Bg4 f5 39. Bh5 Be4+ 40. f3 Bc2 41. Bg6 Rb5 42. Rxb5 axb5 43. h5 Kf8 44. Kf2 Ke7 45. Ke3 Kf6 46. Kf4 Bb1 47. b3 Bc2 48. b4 Bb1 49. Rd1 Bc2 50.
Re1 Re7 51. Rxe7 Kxe7 52. Bxf5 Bb3 0-1

[Event "*** Titled Tuesday Blitz"]
[Site "Chess.com"]
[Date "2020.04.21"]
[Round "2"]
[White "masteryoungK"]
[Black "ClockworkKubrick"]
[Result "0-1"]
[WhiteElo "2405"]
[BlackElo "2165"]
[TimeControl "180+1"]
[EndTime "10:18:33 PDT"]
[Termination "ClockworkKubrick won by checkmate"]

1. Nf3 d6 2. d4 Nf6 3. g3 g6 4. Bg2 Bg7 5. O-O O-O 6. c4 Nbd7 7. Nc3 c6 8. e4 e5 9. Re1 h6 10. h3 a6 11. Be3 Rb8 12. a4 Re8 13. d5 cxd5 14.
cxd5 b5 15. axb5 axb5 16. Nd2 b4 17. Na4 Ba6 18. Rc1 Bb5 19. b3 Rf8 20. Nc4 Bxa4 21.
bxa4 Nc5 22. Nxd6 Nxa4 23. Qxa4 Qxd6 24. Bc5 Qd8 25. Bxf8 Bxf8 26. Rb1 Qb6 27. Qc6 Bc5 28. Kh2 Kg7 29. f4 Bd4 30. Rec1 b3 31. Qxb6 Rxb6 32. Rc6 Rb7 33. d6 b2 34. Rc7 Rb8 35. d7 Rd8 36. fxe5 Bxe5 37. Rd1 Kf8 38. Rc8 Ke7 39.
Rxd8 Kxd8 40. h4 h5 41. Bf3 Bc3 42. Kh3 Bd2 43. e5 Nxd7 44. Be4 Ke7 45. Rxd2 Nxe5 46. Re2 Nc4 47. Bb1+ Kf6 48. g4 hxg4+ 49. Kxg4 Ne5+ 50.
Kh3 Nc4 51. Bd3 Ne5 52. Ba6 b1=Q 53. Rf2+ Ke7 54. Bf1 Qb3+ 55. Kg2 f5 56. Re2 Kf6 57. Rf2 Ng4 58. Rf3 Qc2+ 59. Kg3 Qh2# 0-1

[Event "*** Titled Tuesday Blitz"]
[Site "Chess.com"]
[Date "2020.04.21"]
[Round "2"]
[White "Rakesh"]
[Black "AlexandraBotez"]
[Result "1-0"]
[WhiteElo "2392"]
[BlackElo "2091"]
[TimeControl "180+1"]
[EndTime "10:18:33 PDT"]
[Termination "Rakesh won by resignation"]

1. e4 e6 2. d4 d5 3. Bd3 c5 4. c3 cxd4 5. cxd4 dxe4 6. Bxe4 Nf6 7. Bf3 Qb6 8. Ne2 Bd7 9. O-O Bc6 10. Nec3 Bxf3 11. Qxf3 Nbd7 12. Nd2 Be7 13. Nb3 O-O 14.
Be3 Qd8 15. d5 exd5 16. Nxd5 Nxd5 17. Qxd5 b6 18. Rfd1 Nf6 19. Qf3 Qc7 20. Rac1 Qe5 21. Bd4 Qh5 22. Qxh5 Nxh5 23. Rc7 Bf6 24. g4 Nf4 25.
Bxf6 gxf6 26. Rdd7 Rae8 27. Kf1 a5 28. Nd4 Re4 29.
Nf5 Rfe8 30. Rc1 Re2 31. Rd4 Nh3 32. Kg2 Nxf2 33. Kf3 Nh3 34. Kg3 Ng5 35. h4 Ne4+ 36. Kf3 Nd2+ 37. Kg3 Ne4+ 38. Kf4 Nc5 39. Kf3 Rxb2 40.
Re1 Rf8 41. Rd6 Ne6 42. Re2 Rb4 43. Rd7 Rc8 44. Red2 Rc3+ 45. R2d3 Rxd3+ 46. Rxd3 Kf8 47. Rd7 Ke8 48. Re7+ Kf8 49. Rb7 Nd4+ 50. Ke4 Nxf5+ 51.
Kxf5 Rb1 52. Kxf6 Rf1+ 53. Kg5 Rb1 54. a4 Rb4 55. Kf5 Rxa4 56. Rxb6 Rb4 57. Ra6 Rb5+ 58. Kf6 Rb4 59. Ra8+ 1-0

[Event "*** Titled Tuesday Blitz"]
[Site "Chess.com"]
[Date "2020.04.21"]
[Round "2"]
[White "MusicCityMaster"]
[Black "LuckSlayeer"]
[Result "0-1"]
[WhiteElo "2278"]
[BlackElo "2520"]
[TimeControl "180+1"]
[EndTime "10:18:35 PDT"]
[Termination "LuckSlayeer won by resignation"]

1. e4 c5 2. Nf3 Nc6 3. d4 cxd4 4. Nxd4 e5 5. Nb5 d6 6. a4 Nf6 7. N1c3 a6 8. Na3 Be6 9. Nc4 d5 10. exd5 Nxd5 11. Nxd5 Bxd5 12. Be3 Be4 13. Qe2 Nb4 14.
Rc1 Be7 15. Bb6 Qd5 16. f3 Bg6 17. h4 O-O 18. h5 Bf5 19. Ne3 Qe6 20. Nxf5 Qxf5 21.
c3 Nd5 22. Bf2 Bg5 23. Rd1 Nf4 24. Qe4 Qxe4+ 25. fxe4 Rfd8 26. g3 Ne6 27. Bc4 Rxd1+ 28.
Kxd1 Rd8+ 29. Ke1 Rd2 30. b4 Rb2 31. Bd5 Rb1+ 32. Ke2 Rxh1 33. Bxb7 Nc7 34. Bb6 Bd8 35. b5 axb5 36. a5 Ra1 37. a6 Nxa6 38. Bxd8 Nc5 39.
Bd5 Rg1 40. Be7 Rxg3 41. Bxc5 Rxc3 42. Bd6 Rh3 43. Bxe5 Rxh5 44. Bd4 Rh2+ 45. Kd3 b4 46. Kc4 Rd2 47. Bc5 Rc2+ 48. Kxb4 h5 49. Bd4 h4 50. Bb3 Rc1 51. e5 h3 52. Bd5 h2 53. Be3 h1=Q 54. Bxh1 Rxh1 55. Kc4 Re1 56. Kd4 Kf8 57. Ke4 Ke7 58. Kf4 Ke6 59. Bf2 Rf1 0-1

[Event "*** Titled Tuesday Blitz"]
[Site "Chess.com"]
[Date "2020.04.21"]
[Round "2"]
[White "Kawhi_Leonard2"]
[Black "jonaszmb"]
[Result "1-0"]
[WhiteElo "2305"]
[BlackElo "2463"]
[TimeControl "180+1"]
[EndTime "10:18:35 PDT"]
[Termination "Kawhi_Leonard2 won by resignation"]

1. e4 c5 2. Nf3 d6 3. d4 cxd4 4.
Nxd4 Nf6 5. Nc3 a6 6. h3 g6 7. Be3 Bg7 8. Qd2 Bd7 9. O-O-O Nc6 10. g4 Rc8 11. g5 Ng8 12. f4 b5 13. Nxc6 Bxc6 14.
Bg2 h6 15. h4 Qa5 16. Kb1 Bxc3 17. bxc3 Bd7 18. Bd4 Be6 19. c4 Qxd2 20. Rxd2 Rh7 21.
cxb5 axb5 22. Rf1 hxg5 23. hxg5 Bc4 24. f5 Bxf1 25. Bxf1 Rh1 26. Rd1 gxf5 27. Bxb5+ Kf8 28. Rxh1 Rb8 29. a4 e5 30. Ba7 Rb7 31. Bf2 fxe4 32.
Rd1 Ke7 33. c4 f6 34. a5 f5 35. a6 Rb8 36. Kc2 f4 37. a7 Rd8 38. Bc6 e3 39. Be1 Ke6 40. a8=Q Rxa8 41. Bxa8 Ne7 42. Kd3 Nf5 43.
Bd5+ Ke7 44. Ke4 Ng7 45. Bb4 Nh5 46. c5 Ng3+ 47. Kf3 dxc5 48. Bxc5+ Ke8 49. g6 Nf5 50. Be4 Nh4+ 51. Ke2 f3+ 52. Bxf3 Nxg6 53. Bxe3 Nf4+ 54. Bxf4 exf4 55. Kd3 Ke7 56. Ke4 Kf6 57. Kxf4 Ke6 58. Rd5 Kf6 59. Rd6+ Ke7 60. Ke5 Ke8 61.
Kf6 1-0

[Event "*** Titled Tuesday Blitz"]
[Site "Chess.com"]
[Date "2020.04.21"]
[Round "2"]
[White "olomi007"]
[Black "Forantes"]
[Result "0-1"]
[WhiteElo "2654"]
[BlackElo "2446"]
[TimeControl "180+1"]
[EndTime "10:18:36 PDT"]
[Termination "Forantes won by resignation"]

1. e4 c5 2. Nf3 Nc6 3. d4 cxd4 4. Nxd4 Nf6 5. Nc3 g6 6. Nxc6 bxc6 7. e5 Ng8 8. Bc4 Qa5 9. Bf4 Bg7 10. O-O Nh6 11. Re1 O-O 12. Qd2 Nf5 13. Rad1 Qb4 14. Bb3 a5 15. a3 Qb6 16. g4 Nh4 17. Qe3 Qxe3 18. Rxe3 h6 19. Ne4 d5 20. exd6 Bxg4 21. dxe7 Bxd1 22. exf8=Q+ Rxf8 23. Bd6 Rd8 24. Be7 Nf3+ 25. Kg2 Rd7 26. Nc5 Rd4 27. Rxf3 Bxf3+ 28. Kxf3 g5 29. Ne4 a4 30. Ba2 Rd1 31. Nd6 Bxb2 32.
Bxf7+ Kh7 33. Ne4 Rd7 34. Bc5 Rxf7+ 35. Ke2 Be5 36. h3 Rf4 37. Kd3 Rh4 38. c3 Rxh3+ 39. Kc4 Rf3 40. Nd6 Bxd6 41. Bxd6 Rxf2 42. Kc5 Kg6 43. Kxc6 g4 44. c4 Rf3 45. c5 g3 46.
Kb7 g2 47. Bh2 Rc3 48. c6 Kf5 49. c7 Kg4 50. c8=Q+ Rxc8 51. Kxc8 h5 52. Kc7 Kf3 53. Kb6 Kf2 54. Kb5 g1=Q 55. Bxg1+ Kxg1 56. Kxa4 h4 57. Kb5 h3 58. a4 h2 59. a5 h1=Q 60. a6 Qa8 61.
Kb6 Kf2 62. a7 Ke3 63. Ka6 Ke4 64. Kb6 Kd5 65. Ka6 Kc5 0-1

[Event "*** Titled Tuesday Blitz"]
[Site "Chess.com"]
[Date "2020.04.21"]
[Round "2"]
[White "vlad_Sid"]
[Black "fabianvivasz"]
[Result "1-0"]
[WhiteElo "2647"]
[BlackElo "2301"]
[TimeControl "180+1"]
[EndTime "10:18:36 PDT"]
[Termination "vlad_Sid won by checkmate"]

1. c4 Nf6 2. g3 c5 3. Bg2 d5 4. cxd5 Nxd5 5. Nc3 Nc7 6. Qa4+ Bd7 7. Qb3 Nc6 8. Qxb7 Nd4 9. Qe4 Bf5 10. Qxf5 Nxf5 11.
Bc6+ Qd7 12. Bxd7+ Kxd7 13. Nf3 f6 14. d3 e5 15. O-O Be7 16. b3 h5 17. h3 g5 18. Nd2 h4 19. g4 Nd4 20. Bb2 a5 21.
Rac1 Rhb8 22. e3 Nc6 23. Ba3 Nb4 24. Nc4 Kc6 25. Rfd1 Nb5 26. Nxb5 Kxb5 27. Rd2 Rd8 28.
Bxb4 axb4 29. Kg2 Rd7 30. Kf3 Rda7 31. Rcc2 Kc6 32. Ke4 Ra6 33. d4 exd4 34. exd4 Kb5 35. d5 Bd6 36. Kf5 Re8 37. Re2 Rd8 38. Re6 Bf4 39.
Rxa6 Kxa6 40. d6 Bxd6 41. Rd2 Be7 42. Rxd8 Bxd8 43. Nd6 Kb6 44. Ne4 c4 45. bxc4 Kc6 46.
Nxf6 Kc5 47. Kxg5 Kxc4 48. Kf5 Kc3 49. g5 Be7 50. g6 Bf8 51. Nd5+ Kb2 52. Nxb4 Ka3 53.
Nd5 Bg7 54. Nf4 Kxa2 55. Ne6 Bc3 56. g7 Bxg7 57. Nxg7 Kb3 58. Kg6 Kc4 59. f4 Kd5 60. f5 Ke4 61. f6 Kf3 62. f7 Kg3 63. f8=Q Kxh3 64. Qf3+ Kh2 65. Nf5 h3 66. Qg3+ Kh1 67.
Ne3 h2 68. Qg2# 1-0

[Event "*** Titled Tuesday Blitz"]
[Site "Chess.com"]
[Date "2020.04.21"]
[Round "2"]
[White "AliKa2810"]
[Black "Anton_Demchenko"]
[Result "1/2-1/2"]
[WhiteElo "2582"]
[BlackElo "2833"]
[TimeControl "180+1"]
[EndTime "10:18:38 PDT"]
[Termination "Game drawn - insufficient material"]

1. d4 Nf6 2. c4 d6 3. Nc3 e5 4. Nf3 Nc6 5. dxe5 dxe5 6. Qxd8+ Kxd8 7. Bg5 Be6 8. e3 Kc8 9. O-O-O Nd7 10. Nd2 f6 11.
Bh4 a5 12. b3 Ba3+ 13. Kb1 Nc5 14. Be2 a4 15. Nb5 axb3 16. axb3 Bf5+ 17. e4 Nxe4 18.
Nxe4 Bxe4+ 19. Bd3 Bg6 20. Nxa3 Rxa3 21. Kb2 Ra8 22. f3 Bxd3 23. Rxd3 Rd8 24. Rhd1 Rxd3 25. Rxd3 Ra2+ 26. Kxa2 Nb4+ 27. Kb2 Nxd3+ 28. Kc3 Nf4 29.
g4 Ne2+ 30. Kd3 Nd4 31. f4 Nxb3 32. fxe5 fxe5 33. Bg3 Nc5+ 34. Ke3 Kd7 35. Bxe5 g6 36. h4 c6 37. Bd4 Ne6 38. Be5 b5 39. cxb5 cxb5 40.
Ke4 Kc6 41. h5 Nc5+ 42. Kd4 Nb3+ 43. Ke4 Nd2+ 44. Kf4 Kd5 45. Bg7 Ne4 46. Bf8 gxh5 47. gxh5 Nd6 48. Kg5 b4 49. Bg7 b3 50. Bb2 Nc4 51. Bc3 Ke4 52. Kh6 Kd3 53. Ba1 Ne3 54. Kxh7 Ng4 55. Kg7 Kc2 56. h6 Nxh6 57. Kxh6 b2 58.
Bxb2 1/2-1/2

[Event "*** Titled Tuesday Blitz"]
[Site "Chess.com"]
[Date "2020.04.21"]
[Round "2"]
[White "GMartin_Petrov"]
[Black "pouya21"]
[Result "0-1"]
[WhiteElo "2474"]
[BlackElo "2800"]
[TimeControl "180+1"]
[EndTime "10:18:38 PDT"]
[Termination "pouya21 won by resignation"]

1. e4 c5 2. Nf3 d6 3. d4 cxd4 4.
Nxd4 Nf6 5. Nc3 Nc6 6. Bg5 e6 7. Qd2 a6 8. O-O-O Bd7 9. Kb1 b5 10. f3 Be7 11. h4 h6 12. Be3 h5 13. Nxc6 Bxc6 14. Ne2 d5 15. Nd4 Bb7 16. e5 Nd7 17. Bf4 Rc8 18. g3 Qb6 19. Bg5 Bc5 20. Nb3 Nxe5 21.
Nxc5 Nxf3 22. Qf4 Qxc5 23. Bd3 d4 24. Rhf1 Nxg5 25. hxg5 Rc7 26. Rde1 Re7 27. Qb8+ Bc8 28. Re5 Qc7 29. Qxc7 Rxc7 30. Rf4 Ke7 31. Rxd4 g6 32. Rf4 Bb7 33. Rf6 Rc6 34. b3 Rd6 35. Re2 Rg8 36. Ref2 Rg7 37. g4 hxg4 38. R2f4 g3 39. Rg4 g2 40. Rf2 Rd4 41. Rg3 Rh4 42. Kb2 Rh1 43. Rfxg2 Bxg2 44. Rxg2 Rh4 45. Rg3 Rgh7 46. c3 R7h5 47.
a4 bxa4 48. b4 Rh3 49. Rxh3 Rxh3 50. Bxa6 a3+ 51. Kb3 a2 52. Kxa2 Rxc3 53. b5 Kd6 54. b6 Kc6 55. b7 Kc7 56. Kb2 Rc5 57. Kb3 Rxg5 58. Kb4 Rd5 0-1

[Event "*** Titled Tuesday Blitz"]
[Site "Chess.com"]
[Date "2020.04.21"]
[Round "2"]
[White "MPGM"]
[Black "RaunakSadhwani2005"]
[Result "1-0"]
[WhiteElo "2558"]
[BlackElo "2771"]
[TimeControl "180+1"]
[EndTime "10:18:38 PDT"]
[Termination "MPGM won by resignation"]

1. d4 Nf6 2. Nf3 e6 3. c4 Nc6 4. a3 d6 5. Nc3 g6 6. e4 Bg7 7.
Be3 O-O 8. Be2 e5 9. d5 Ne7 10. h3 Nh5 11. g3 f5 12. exf5 gxf5 13. Nh4 f4 14. Bd2 fxg3 15. Bxh5 gxf2+ 16. Kf1 Nf5 17. Nxf5 Bxf5 18. Qe2 Qh4 19. Bg4 Bg6 20. Ne4 Bh6 21. Bxh6 Qxh6 22. Rd1 Rf4 23. Ng3 Raf8 24. Kg2 Qg5 25.
Rhf1 Kh8 26. Rd2 Rg8 27. Rxf2 Rxf2+ 28. Qxf2 h5 29. Bxh5 Bxh5 30. Kh2 Bg6 31. Qg2 Qh6 32. Rf2 Kh7 33. Qf3 Qg7 34. Nf5 Qf6 35. Qg4 Kh8 36. Qh4+ Qxh4 37. Nxh4 Bh7 38. Nf3 Rf8 39. Kg3 Rf4 40.
b3 Rd4 41. Ng5 Rd3+ 42. Rf3 Rd1 43. Rf7 Bg6 44. Rxc7 Rg1+ 45. Kh4 e4 46. Rxb7 e3 47.
Re7 Re1 48. Nf7+ Bxf7 49. Rxf7 e2 50. Re7 a5 51. Re6 Kg8 52. b4 a4 53. c5 Kf7 54. c6 Rd1 55. Rxe2 Rxd5 56. Rc2 Rd4+ 57.
Kg3 Rd3+ 58. Kg2 1-0

[Event "*** Titled Tuesday Blitz"]
[Site "Chess.com"]
[Date "2020.04.21"]
[Round "2"]
[White "GM_DarwinLaylo"]
[Black "GHANDEEVAM2003"]
[Result "0-1"]
[WhiteElo "2593"]
[BlackElo "2898"]
[TimeControl "180+1"]
[EndTime "10:18:39 PDT"]
[Termination "GHANDEEVAM2003 won on time"]

1. c4 e6 2. d4 d5 3. Nf3 Nf6 4.
Nc3 a6 5. Bg5 dxc4 6. a4 Nc6 7.
e4 Na5 8. Be2 h6 9. Bh4 Be7 10.
O-O O-O 11. Qc2 Rb8 12. Rad1 b5 13. axb5 axb5 14. d5 Qe8 15. Bg3 Rb7 16. dxe6 fxe6 17. e5 Nh5 18. Ne4 Nb3 19. Nd4 Nxg3 20. Nxg3 Nxd4 21. Rxd4 c5 22. Bh5 cxd4 23. Bxe8 d3 24. Qd1 Rxe8 25. Qg4 Rd8 26. Nh5 Bb4 27. Qg6 Rf7 28.
Nf6+ Kf8 29. Nh7+ Kg8 30. Nf6+ Kf8 31. Nh7+ Ke7 32. Qg4 d2 33. Qh4+ Ke8 34. Rd1 Bc5 35. Qh5 Bxf2+ 36. Kh1 Be1 37. g3 Bb7+ 38. Kg1 Rd3 39.
Nf6+ gxf6 40. exf6 Rd5 41. Qxh6 Rf5 42. Rxd2 Bxd2 43. Qxd2 R7xf6 0-1

[Event "*** Titled Tuesday Blitz"]
[Site "Chess.com"]
[Date "2020.04.21"]
[Round "2"]
[White "Chess_Boxer123"]
[Black "Rsnr"]
[Result "0-1"]
[WhiteElo "2537"]
[BlackElo "2780"]
[TimeControl "180+1"]
[EndTime "10:18:39 PDT"]
[Termination "Rsnr won by resignation"]

1. d4 Nf6 2. Bg5 d5 3. Bxf6 gxf6 4. Nf3 c5 5. e3 cxd4 6. exd4 Nc6 7. c3 e5 8. Nbd2 Bh6 9. dxe5 fxe5 10. Bb5 O-O 11. O-O e4 12. Nd4 Nxd4 13. cxd4 Qb6 14. Be2 Qxd4 15. Nb3 Qxd1 16. Raxd1 Be6 17. Nc5 b6 18. Nxe6 fxe6 19. Bb5 Rf7 20. f3 e3 21. Rfe1 Rc8 22. Bd3 Bg7 23. Re2 a5 24. Rf1 Rfc7 25. g3 Rc1 26. Rxc1 Rxc1+ 27. Kg2 Bd4 28. f4 h6 29. a4 Kf7 30. b3 Ke7 31. Kf3 Kf6 32. Kg4 e5 33. fxe5+ Kxe5 34. Kh5 Rd1 35. Bc2 Rd2 36.
Rxd2 exd2 37. Kxh6 Be3+ 38. Kg6 Kd4 39. Kf5 Kc3 40.
Bd1 Kb2 41. Ke5 d4 42. Ke4 Kc1 43. Be2 d1=Q 44. Bxd1 Kxd1 45. Kd3 Ke1 46. g4 Kf2 47. h4 Kg3 48. g5 Kxh4 49. g6 Bh6 50. Kxd4 Kh5 51. g7 Bxg7+ 52. Kd5 Kg4 53. Kc4 Bf8 54. Kb5 Bc5 55. Kc6 Kf3 56. Kb5 Ke3 57. Kc4 Kd2 58.
b4 axb4 59. Kb3 Kd3 60. Kb2 Kc4 61. Ka2 Bd4 62. a5 bxa5 63. Kb1 b3 64. Kc1 a4 65. Kb1 a3 66. Kc1 Kd3 0-1

[Event "*** Titled Tuesday Blitz"]
[Site "Chess.com"]
[Date "2020.04.21"]
[Round "2"]
[White "annamaja"]
[Black "MilanovicDan"]
[Result "0-1"]
[WhiteElo "2203"]
[BlackElo "2436"]
[TimeControl "180+1"]
[EndTime "10:18:39 PDT"]
[Termination "MilanovicDan won by checkmate"]

1. e4 d5 2. exd5 Qxd5 3. Nc3 Qd6 4. d4 Nf6 5. Nf3 c6 6. Bc4 Be6 7. Qe2 Bxc4 8. Qxc4 e6 9. O-O Be7 10. a4 a5 11. Ne2 O-O 12. Bf4 Qb4 13. Qd3 Nbd7 14. Bc7 Bd8 15. c3 Qe7 16. Bg3 Rc8 17. Nf4 Bc7 18. Rfe1 Rfd8 19. Ng5 Nf8 20. Qc2 Qd7 21. Rad1 Bd6 22. Nd3 Bxg3 23. hxg3 Rc7 24. Ne5 Qc8 25. Nc4 Qa8 26. Re5 Nd5 27. Nf3 b5 28. Ne3 Qb7 29. Nxd5 cxd5 30. axb5 Qxb5 31. Qe2 Qxe2 32. Rxe2 Rb7 33. Ra1 Rb5 34. Ne5 Rd6 35. Ra2 Rdb6 36. Kf1 f6 37. Nd3 Nd7 38. Nf4 Kf7 39. Ke1 g5 40.
Nd3 Ke7 41. Kd1 Kd6 42. Kc2 e5 43. dxe5+ fxe5 44. Re1 e4 45. Nc1 Ne5 46. Rh1 Rb7 47. Rh6+ Kc5 48. Rh5 Rg7 49. Rxa5 Rxa5 50. b4+ Kb5 51. bxa5 Kxa5 52. Nb3+ Kb6 53. Nd4 Ng4 54.
f3 Ne3+ 55. Kd2 Nc4+ 56. Ke2 Ra7 57. fxe4 Ra2+ 58. Kd3 Ne5+ 59. Ke3 Nc4+ 60. Kd3 Rd2# 0-1

[Event "*** Titled Tuesday Blitz"]
[Site "Chess.com"]
[Date "2020.04.21"]
[Round "2"]
[White "bancsoo"]
[Black "lolo9292"]
[Result "1-0"]
[WhiteElo "2741"]
[BlackElo "2512"]
[TimeControl "180+1"]
[EndTime "10:18:40 PDT"]
[Termination "bancsoo won by checkmate"]

1. Nf3 g6 2. g3 Bg7 3. Bg2 Nf6 4.
O-O O-O 5. d4 d6 6. c4 Bf5 7. Nc3 Ne4 8. Nxe4 Bxe4 9. Be3 Nc6 10.
d5 Na5 11. Bd4 Bxd4 12. Qxd4 Bxf3 13. exf3 c5 14. dxc6 Nxc6 15. Qd2 Qa5 16. Qe2 d5 17. cxd5 Nd4 18. Qe4 Nf5 19. f4 Rac8 20. a3 Qd2 21.
Bh3 Nd6 22. Qxe7 Rcd8 23. Qf6 Qxd5 24. Rad1 Qc5 25. b4 Qb6 26. Bg2 Rfe8 27. h4 Nc4 28. Qc3 Nd6 29. Bd5 Nf5 30. Qb3 Qf6 31. Bxb7 Nd4 32. Qc4 Re7 33. Bd5 Ne2+ 34. Kg2 Kg7 35. Rfe1 Rde8 36. Kf1 Nc3 37. Rxe7 Rxe7 38. Rc1 Nxd5 39.
Qxd5 Qa6+ 40. Kg2 Qxa3 41. Qd4+ f6 42. Rc6 Rf7 43. g4 Qa4 44. Rd6 Qb5 45. Rd5 Qe2 46. f5 gxf5 47. Rxf5 Qe6 48. Kg3 h6 49. h5 Rd7 50.
Qf4 Rd3+ 51. Kg2 Qc6+ 52. Kh2 Qc3 53. Rc5 Rh3+ 54. Kg2 Qd3 55. Rc7+ Kg8 56. Qxf6 Qd5+ 57. Kxh3 Qh1+ 58. Kg3 Qg1+ 59. Kf3 Qh1+ 60. Ke3 Qe4+ 61.
Kxe4 a5 62. Qg7# 1-0

[Event "*** Titled Tuesday Blitz"]
[Site "Chess.com"]
[Date "2020.04.21"]
[Round "2"]
[White "Hanging_pointer"]
[Black "GMNeiksans"]
[Result "1/2-1/2"]
[WhiteElo "2603"]
[BlackElo "2877"]
[TimeControl "180+1"]
[EndTime "10:18:41 PDT"]
[Termination "Game drawn by repetition"]

1. d4 Nf6 2. c4 e6 3. Nf3 b6 4. g3 Bb7 5. Bg2 Bb4+ 6. Bd2 a5 7. O-O O-O 8. Nc3 d6 9. Qc2 Bxc3 10. Bxc3 Be4 11.
Qd2 Nbd7 12. b3 Re8 13. a3 Qc8 14. b4 axb4 15. axb4 b5 16. c5 Qb7 17. Qb2 Bd5 18. Nh4 Bxg2 19. Nxg2 Nd5 20. f3 f5 21. Bd2 N7f6 22.
Qb3 Rxa1 23. Rxa1 Ra8 24. Ra3 Rxa3 25. Qxa3 h6 26. Kf2 Kf7 27. h4 Nd7 28. Nf4 N7f6 29. Ng2 Ne7 30. Nf4 Nfd5 31. Qa2 Nxf4 32. Bxf4 Qc6 33.
cxd6 cxd6 34. Qa7 Kf6 35. Qb8 Nc8 36. h5 Qd7 37. Kg2 Kf7 38. Kf2 Ke7 39. Qa8 Qc7 40. Kg2 Kf7 41. Kf2 Ke7 42. Kg2 Kd7 43. d5 e5 44. Be3 Ke7 45. Kh3 Kf7 46. Kg2 Ne7 47. Qa6 Qc4 48. Qxd6 Qxd5 49. Qb8 Qc4 50. Kf2 Qd5 51. Kg2 Nc6 52. Qc7+ Kg8 53. Kf2 Kh7 54. Qc8 Nxb4 55. Qxf5+ Kg8 56. Qc8+ Kf7 57. Qc7+ Kg8 58.
Qc8+ Kh7 59. Qf5+ Kg8 60. Qc8+ 1/2-1/2

[Event "*** Titled Tuesday Blitz"]
[Site "Chess.com"]
[Date "2020.04.21"]
[Round "2"]
[White "nihalsarin"]
[Black "vinniethepooh"]
[Result "1-0"]
[WhiteElo "3052"]
[BlackElo "2611"]
[TimeControl "180+1"]
[EndTime "10:18:42 PDT"]
[Termination "nihalsarin won by checkmate"]

1. c4 Nf6 2. Nc3 e5 3. Nf3 Nc6 4. e4 Bb4 5. d3 d6 6. Be2 O-O 7.
O-O h6 8. a3 Bc5 9. b4 Bb6 10.
Na4 Bg4 11. h3 Bxf3 12. Bxf3 Nd4 13. Nxb6 axb6 14. Bb2 Nd7 15. Bxd4 exd4 16. e5 Nxe5 17. Bxb7 Ra7 18. Be4 f5 19. Bd5+ Kh7 20. f4 Ng6 21.
Qh5 c5 22. bxc5 bxc5 23. a4 Qa5 24. Rf2 Qc3 25. Qd1 Re8 26. Rc2 Qa5 27. Rf2 Rae7 28. Qb3 Re1+ 29. Rxe1 Qxe1+ 30. Rf1 Qe3+ 31. Kh1 Nxf4 32.
Bc6 Re5 33. a5 Nxd3 34. Qc2 Qg3 35. Bf3 Nb4 36. Qd1 Re3 37. Qd2 Ra3 38. Qe2 Rxa5 39. Qe8 Qg6 40. Qe7 Ra2 41. Qd8 Nd3 42. Qh4 Ne5 43.
Bd5 Qg5 44. Qe1 Qe3 45. Qh4 Qg5 46. Qe1 d3 47. Qd1 Re2 48. Qb3 Qg3 49. Qb8 Ng4 50. Qg8+ Kg6 51. Qf7+ Kg5 52. Rxf5+ Kh4 53. Qh5# 1-0